 Dungeon Crawl Stone Soup version 0.30-a0-1103-g25895a7845 (webtiles) character file.

Game seed: 1814920416666364251

1505 avis the Ducker (level 8, -4/21 (66) HPs)
             Began as a Demigod Transmuter on Apr 19, 2023.
             Slain by a gnoll
             ... wielding a +0 spear
              (9 damage)
             ... on level 6 of the Dungeon.
             The game lasted 00:40:50 (7155 turns).

avis the Ducker (Demigod Transmuter)                Turns: 7155, Time: 00:40:51

HP:   -4/21 (66)    AC:  2    Str: 15    XL:     8   Next: 27%
MP:   17/17         EV: 22    Int: 19    God:
Gold: 253           SH:  0    Dex: 19    Spells: 5/15 levels left

rFire   + . .      SeeInvis .      - Unarmed
rCold   + . .      Faith    .    (shield currently unavailable)
rNeg    . . .      Spirit   .    E - melded +0 steam dragon scales
rPois   .          Reflect  .    e - melded +0 helmet
rElec   +          Rampage  .    (cloak currently unavailable)
rCorr   +                        (gloves currently unavailable)
Will    .....                    (boots currently unavailable)
Stlth   ++                       s - amulet of magic regeneration
HPRegen 0.23/turn                x - ring of wizardry
MPRegen 0.55/turn                (no ring)

@: spider-form, resistant, extremely drained
A: venomous fangs, tiny, high MP 1, forlorn, divine attributes
a: End Transformation


You were on level 6 of the Dungeon.
You were a venomous arachnid creature.
You visited 2 branches of the dungeon, and saw 7 of its levels.

You collected 253 gold pieces.

Inventory:

Hand Weapons
 o - a +1 heavy sling
 y - a +2 dagger of venom
 F - a +2 spear of venom
 G - a +0 shortbow
 J - a +0 long sword of flaming
Missiles
 j - 16 poisoned darts
 w - a silver boomerang
Armour
 a - a +0 robe
 e - a +0 helmet (melded)
 p - an orb of energy
 z - a +0 kite shield
 E - +0 steam dragon scales (melded)
Jewellery
 s - an amulet of magic regeneration (around neck)
 x - a ring of wizardry (left front pincers)
Wands
 u - a wand of flame (47)
 C - a wand of mindburst (15)
Scrolls
 d - a scroll of vulnerability {unknown}
 f - 3 scrolls of noise {unknown}
 g - 2 scrolls of teleportation {unknown}
 m - a scroll of fear {unknown}
 n - 2 scrolls of enchant weapon {unknown}
 v - a scroll of immolation {unknown}
 A - a scroll of fog {unknown}
 B - a scroll of torment {unknown}
 D - a scroll of amnesia {unknown}
Potions
 b - 2 potions of lignification
 c - 3 potions of flight
 h - 3 potions of curing
 l - a potion of attraction {unknown}
 q - a potion of berserk rage {unknown}
 r - a potion of haste {unknown}
 t - a potion of brilliance {unknown}
 H - a potion of cancellation {unknown}
 I - 2 potions of mutation {unknown}


   Skills:
 * Level 4.2 Fighting
 * Level 4.3 Dodging
 * Level 4.3 Unarmed Combat
 - Level 4.0 Spellcasting
 - Level 4.0 Transmutations
 - Level 4.0 Ice Magic
 - Level 1.0 Poison Magic


You had 5 spell levels left.
You knew the following spells:

 Your Spells              Type           Power      Damage    Failure   Level
a - Beastly Appendage     Tmut           38%        N/A       4%          1
e - Wereblood             Tmut           19%        N/A       5%          2
p - Spider Form           Tmut/Pois      13%        N/A       13%         3
q - Ice Form              Ice/Tmut       19%        N/A       21%         4

Your spell library contained the following spells:

 Spells                   Type           Power      Damage    Failure   Level
 Summon Guardian Golem    Hex/Summ       3%         N/A       30%         3
 Orb of Destruction       Conj           1%         9d5       100%        7
 Spellforged Servitor     Conj/Summ      1%         N/A       100%        7


Dungeon Overview and Level Annotations

Branches:
Dungeon (6/15)             Temple (1/1) D:4


Innate Abilities, Weirdness & Mutations

You are a venomous arachnid creature.
You have venomous fangs.
You are tiny and dextrous.
Your spellcasting is less reliable in this form.
Your armour is entirely melded.
You are incapable of wielding weapons or throwing items.
You have an increased reservoir of magic. (+10% MP)
You shall have no god before yourself.
Your divine heritage dramatically boosts your attributes as you level up.


Message History

The gnoll shouts! x3; The kobold shouts! x2; The gnoll shouts!
The gnoll misses you.
The kobold shouts!
Found 88 gold pieces.
You barely miss the gnoll. The gnoll completely misses you.
You bite the gnoll!
The gnoll is poisoned.
The gnoll is severely wounded.
You kill the gnoll!
The gnoll closely misses you. The gnoll hits you but does no damage.
You barely miss the gnoll. The gnoll completely misses you.
The gnoll barely misses you. The gnoll completely misses you.
The gnoll misses you.
You hit the gnoll but do no damage.
The gnoll is poisoned.
The gnoll completely misses you. x2; The gnoll barely misses you.
The gnoll completely misses you.
You hit the gnoll.
The gnoll looks as sick as possible!
The gnoll is heavily wounded.
The gnoll misses you. The gnoll completely misses you.
The gnoll barely misses you. The gnoll misses you.
You hit the gnoll.
The gnoll is poisoned.
The gnoll is lightly wounded.
You kill the gnoll!
The gnoll completely misses you.
The gnoll hits you from afar with a +0 spear. x2
You hit the kobold.
The kobold is poisoned.
The kobold is severely wounded.
You kill the kobold!
The gnoll closely misses you. The gnoll misses you.
The gnoll barely misses you.
You hit the gnoll.
The gnoll looks as sick as possible!
The gnoll is heavily wounded.
The gnoll misses you.
The gnoll hits you from afar with a +0 spear.
* * * LOW HITPOINT WARNING * * *
The gnoll barely misses you.
You feel protected.
You kill the gnoll!
The gnoll misses you.
The gnoll hits you from afar with a +0 spear!
You die...

≈≈≈≈≈≈≈≈≈≈≈≈≈≈~≈≈≈≈≈≈≈≈≈≈≈#
≈≈≈≈≈≈≈≈≈≈≈≈≈≈#####≈≈≈≈≈≈≈#
###############...#≈≈≈≈≈≈≈#
...## ##......#...#≈≈≈≈≈≈≈#
....###.......#)).#≈≈≈≈≈≈≈#
.....#........##'##≈≈≈≈≈≈≈#
.....#......())..#≈≈≈≈≈≈≈##
.....'....(.(....#≈≈≈≈≈≈≈#
..)..#.........Ks#≈≈≈≈≈≈≈#
.....#........##K##≈≈≈≈≈≈#
....###.......#ggg#≈≈≈≈≈##
...## ##......#$$$#≈≈≈≈≈#
###############$$$#≈≈≈≈≈#
≈≈≈≈≈≈≈≈≈≈≈≈≈≈#####≈≈≈≈##
≈≈≈≈≈≈≈≈≈≈≈≈≈≈≈≈≈≈≈≈####
≈≈≈≈≈≈≈≈≈≈≈≈≈########
##############


You could see 3 gnolls and 2 kobolds.

Vanquished Creatures
  Maggie (D:6)
  A water moccasin (D:6)
  An ice beast (D:5)
  A centaur (D:6)
  2 phantoms
  A bullfrog (D:4)
  A gnoll sergeant (D:5)
  3 electric eels (D:6)
  A gnoll bouda (D:6)
  2 orc priests
  6 orc wizards
  11 gnolls
  9 adders
  3 shadow imps
  2 white imps (D:6)
  An ufetubus (D:4)
  3 worms
  3 dart slugs
  15 orcs
  5 bats
  5 endoplasms
  2 giant cockroaches
  5 goblins
  5 hobgoblins
  22 kobolds
  3 quokkas
  9 ball pythons
  12 frilled lizards
  5 rats
  A spectral orc (D:4)
141 creatures vanquished.

Vanquished Creatures (others)
  5 plants (D:1)
5 creatures vanquished.

Grand Total: 146 creatures vanquished

Notes
Turn   | Place    | Note
-------+----------+-------------------------------------------
     0 | D:1      | avis the Demigod Transmuter began the quest for the Orb.
     0 | D:1      | Reached XP level 1. HP: 15/15 MP: 5/5
    19 | D:1      | Reached skill level 1 in Fighting
   360 | D:1      | Reached XP level 2. HP: 16/23 MP: 7/7
  1591 | D:2      | Reached XP level 3. HP: 22/29 MP: 6/8
  1622 | D:2      | Learned a level 2 spell: Wereblood
  1626 | D:2      | Learned a level 3 spell: Spider Form
  1744 | D:2      | Reached skill level 1 in Poison Magic
  2457 | D:3      | You fall into a shaft and drop 1 floor!
  2617 | D:3      | Reached XP level 4. HP: 33/36 MP: 9/9
  2922 | D:3      | Reached XP level 5. HP: 10/36 MP: 12/12
  3530 | D:3      | Learned a level 4 spell: Ice Form
  3618 | D:4      | Found a staircase to the Ecumenical Temple.
  3624 | D:4      | Reached XP level 6. HP: 51/51 MP: 13/13
  3678 | Temple   | Entered the Ecumenical Temple
  4447 | D:5      | Entered Level 5 of the Dungeon
  5481 | D:5      | Reached XP level 7. HP: 57/57 MP: 15/15
  5996 | D:6      | Noticed Maggie
  6019 | D:6      | Killed Maggie
  6121 | D:6      | Reached XP level 8. HP: 63/66 MP: 14/17
  7155 | D:6      | Slain by a gnoll

Illustrated notes

Levels and vault maps discovered:
D:1:      dpeg_arrival_orchard, layout_basic, serial_co_window_serial,
          co_window_corner_a, co_window_corner_a, co_window_corner_a,
          co_window_paths_a, co_window_paths_a, co_window_broadway_a,
          co_window_unsneaky_path_b, co_window_corner_ca, co_window_broadway_c,
          co_window_corner_b, co_window_4corner_a, glass_columns_a,
          glass_columns_b, minmay_lizard_king
D:2:      layout_loops_cross, serial_rivers, chequers_serial_rivers_room_b,
          chequers_serial_rivers_room_b, chequers_serial_rivers_small_a,
          chequers_serial_rivers_micro_a, chequers_serial_rivers_micro_d,
          chequers_serial_rivers_micro_b
D:3:      layout_rooms
D:4:      layout_basic, yredelemnul_forgotten_temple_becter,
          mainiacjoe_overflow_big_doors, minmay_temple_entry_mini_moons
D:5:      layout_basic, mainiacjoe_overflow_catch_the_wave, st_stairs_7
D:6:      minmay_goblin_kobold_castle, layout_basic, nicolae_ashenzari_skybound,
          mainiacjoe_overflow_alcove_2, serial_glass, glass_columns_b,
          glass_columns_a, uniq_maggie
Temple:   nicolae_temple_godzebo

Skill      XL: |  1  2  3  4  5  6  7  8 |
---------------+-------------------------+-----
Fighting       | 1 2 3 4 |  4.2
Unarmed Combat | 3 4 |  4.3
Dodging        | 2 3 4 |  4.3
Spellcasting   | 2 3 4 |  4.0
Transmutations | 2 3 4 |  4.0
Poison Magic   | 1 |  1.0
Ice Magic      | 3 4 |  4.0

Action                     |  1- 3 |  4- 6 |  7- 9 || total
---------------------------+-------+-------+-------++-------
  Melee: Unarmed           |   147 |   127 |   141 ||   415
         Kick              |    29 |     5 |     7 ||    41
         Headbutt          |    11 |     1 |     6 ||    18
         Punch             |     2 |     2 |     1 ||     5
   Cast: Beastly Appendage |    42 |     6 |     4 ||    52
         Spider Form       |       |    23 |    18 ||    41
         Ice Form          |       |     1 |     5 ||     6
Ability: End Transformatio |       |       |     4 ||     4
    Use: Potion            |       |     4 |     3 ||     7
         Scroll            |       |     4 |     1 ||     5
   Stab: Sleeping          |     4 |       |     1 ||     5
 Armour: Robe              |    26 |     5 |       ||    31
         Skin              |       |    19 |    13 ||    32
         Steam dragon scal |       |       |     4 ||     4
  Dodge: Dodged            |   106 |    92 |   120 ||   318

Table legend: (Time is in decaauts)
 A = Elapsed time spent in this place.
 B = Non-inter-level travel time spent in this place.
 C = Inter-level travel time spent in this place.
 D = Time resting spent in this place.
 E = Time spent auto-exploring this place.
 F = Levels seen in this place.
 G = Mean time per level.
                   A        B        C        D        E       F      G
               +--------+--------+--------+--------+--------+-----+--------+
         Total |   7144 |   6498 |    646 |   1622 |   2808 |   7 | 1020.6 |
       Dungeon |   7128 |   6483 |    645 |   1622 |   2808 |   6 | 1188.0 |
        Temple |     15 |     14 |      1 |      0 |      0 |   1 |   15.0 |
               +--------+--------+--------+--------+--------+-----+--------+

Top non-repeatable levels by time:
     D:5: 1584 daAuts
     D:1: 1463 daAuts
     D:2: 1254 daAuts
     D:4: 1039 daAuts
     D:6: 1031 daAuts
     D:3: 755 daAuts
  Temple: 15 daAuts
